 Dungeon Crawl Stone Soup version 0.22-a0-533-g4d20840 (webtiles) character file.

19 iamserjio the Charmwright (level 2, 0/15 HPs)
             Began as a Vine Stalker Skald on June 22, 2018.
             Slain by a jackal (1 damage)
             ... on level 1 of the Dungeon.
             The game lasted 00:02:12 (235 turns).

iamserjio the Charmwright (Vine Stalker Skald)       Turns: 235, Time: 00:02:12

Health: 0/15       AC:  6    Str: 13    XL:     2   Next: 75%
Magic:  0/6        EV: 10    Int: 13    God:
Gold:   60         SH:  0    Dex: 13    Spells: 2/5 levels left

rFire    . . .     SeeInvis .   g - +0 club
rCold    . . .     Gourm    .   (no shield)
rNeg     . . .     Faith    .   h - +0 ring mail
rPois    .         Spirit   +   (no helmet)
rElec    .         Reflect  .   (no cloak)
rCorr    .         Harm     .   (no gloves)
MR       .....                  b - +0 pair of boots
Stlth    +.........             (no amulet)
HPRegen  0.05/turn              (no ring)
MPRegen  0.10/turn              (no ring)

@: infused
A: fangs 2, magic shield, antimagic bite, no potion heal 3, rot immunity
a: no special abilities


You were on level 1 of the Dungeon.
You were not hungry.

You visited 1 branch of the dungeon, and saw 2 of its levels.

You collected 60 gold pieces.

Inventory:

Hand Weapons
 g - a +0 club (weapon)
Armour
 a - a +0 leather armour
 b - a +0 pair of boots (worn)
 h - a +0 ring mail (worn)
Scrolls
 e - a scroll of remove curse {unknown}
 f - a scroll of identify {unknown}
Potions
 d - 2 potions of haste {unknown}
 i - a potion of brilliance {unknown}
Comestibles
 c - a ration


   Skills:
 + Level 2.1 Fighting
 - Level 0.7 Armour
 - Level 1.5 Dodging
 * Level 2.9 Unarmed Combat
 - Level 2.1 Spellcasting
 - Level 3.0 Charms


You had 2 spell levels left.
You knew the following spells:

 Your Spells              Type           Power        Failure   Level  Hunger
a - Infusion              Chrm           #...         16%         1    ##.....
b - Shroud of Golubria    Chrm/Tloc      #.........   41%         2    ###....

Your spell library contained the following spells:

 Spells                   Type           Power        Failure   Level  Hunger
 Regeneration             Chrm/Necr      #.........   65%         3    ####...
 Song of Slaying          Chrm           #.......     24%         2    ###....
 Spectral Weapon          Hex/Chrm       #.......     65%         3    ####...


Dungeon Overview and Level Annotations

Branches:
Dungeon (2/15)

Altars:


Innate Abilities, Weirdness & Mutations

You have extremely sharp teeth.
When hurt, damage is shared between your health and your magic reserves.
Your bite disrupts and absorbs the magic of your enemies.
Potions cannot restore your health.
You are immune to rotting.


Message History

The jackal completely misses you. The jackal bites you.
* * * LOW HITPOINT WARNING * * *
The jackal barely misses you.
The jackal pauses to sniff the ground.
The jackal closely misses you.
The jackal bites you but does no damage.
The jackal bites you but does no damage.
The jackal pauses to sniff the ground.
Casting: Infusion (safe; 16% risk of failure)
Confirm with . or Enter, or press ? or * to list all spells.
You begin infusing your attacks with magical energy.
The jackal barely misses you. The jackal misses you.
You hit the jackal.
The jackal is almost dead.
The jackal bites you.
* * * LOW HITPOINT WARNING * * *
You hit the jackal but do no damage.
The jackal is almost dead.
The jackal bites you.
You die...

.## ..# #.# ############
#.# #>.......... #.#
#........... #.#
#..........#
#####.#####..........#
######.......†@hh.........#
............####..........#
######.###.## #....).....#
... #.## #..........# ####
#..# #..........# ##.##
#..........#
#..###.########## ##.##..#
##....##


You could see 2 jackals.

Vanquished Creatures
  A dart slug (D:1)
  A bat (D:2)
  3 goblins (D:1)
  2 hobgoblins
  3 jackals (D:1)
  A kobold (D:1)
  A ball python (D:1)
  3 frilled lizards
15 creatures vanquished.

Notes
Turn   | Place    | Note
-------+----------+-------------------------------------------
     0 | D:1      | iamserjio the Vine Stalker Skald began the quest for the Orb.
     0 | D:1      | Reached XP level 1. HP: 11/11 MP: 4/4
   115 | D:1      | Reached XP level 2. HP: 6/15 MP: 0/6
   177 | D:1      | Learned a level 2 spell: Shroud of Golubria
   235 | D:1      | Slain by a jackal

Vault maps used:
D:1:      scummos_arrival_hexagon
D:2:      cheibrodos_greedy_goblins, cheibrodos_gnoll_hut

Skill      XL: |  1 |
---------------+----+-----
Fighting       | 2 |  2.1
Armour         | |  0.7
Dodging        | |  1.5
Unarmed Combat | |  2.9
Spellcasting   | |  2.1
Charms         | |  3.0

Action                   || total
-------------------------++-------
Melee: Unarmed           ||    49
       Bite              ||    14
       Club              ||    19
       Punch             ||     1
 Cast: Infusion          ||     5
Armor: Leather armour    ||    11
       Ring mail         ||    10
Dodge: Dodged            ||    41

Table legend:
 A = Spawn XP
 B = Non-spawn XP
 C = Spawn XP percentage of total XP
 D = Spawn monster count
 E = Non-spawn monster count
 F = Spawn count percentage of total count
 G = Total turns spent on level
                    A         B        C        D         E        F      G
               +---------+---------+-------+---------+---------+-------+---------
         Total |       0 |      28 |   0.0 |       0 |      15 |   0.0 |   235
               +---------+---------+-------+---------+---------+-------+---------
           D:1 |       0 |      23 |   0.0 |       0 |      12 |   0.0 |   186
           D:2 |       0 |       5 |   0.0 |       0 |       3 |   0.0 |    49
               +---------+---------+-------+---------+---------+-------+---------
